 Dungeon Crawl Stone Soup version 0.27-a0-660-g90476cec82 (webtiles) character file.

Game seed: 8476822765874753358

110 robertstho the Skirmisher (level 5, -9/43 HPs)
             Began as a Formicid Abyssal Knight on Mar 16, 2021.
             Was a Follower of Lugonu.
             Mangled by an ogre
             ... wielding a +0 giant club
              (22 damage)
             ... on level 3 of the Dungeon.
             The game lasted 00:03:27 (2991 turns).

robertstho the Skirmisher (Formicid Abyssal Knight) Turns: 2991, Time: 00:03:28

Health: -9/43      AC:  6    Str: 17    XL:     5   Next: 14%
Magic:  7/7        EV: 11    Int: 12    God:    Lugonu [*.....]
Gold:   95         SH:  0    Dex: 10    Spells: 4/4 levels left

rFire    . . .     SeeInvis +   a - +1 hand axe
rCold    . . .     Faith    .   (no shield)
rNeg     . . .     Spirit   .   f - +2 leather armour {rPois}
rPois    +         Reflect  .   (helmet unavailable)
rElec    .         Harm     .   (no cloak)
rCorr    .         Rampage  .   (no gloves)
Will     .....                  k - +0 pair of boots
Stlth    +.........             (no amulet)
HPRegen  0.14/turn              (no ring)
MPRegen  0.10/turn              (no ring)

@: no status effects
A: permanent stasis, dig shafts and tunnels, antennae 3, four strong arms
a: Dig, Shaft Self, Renounce Religion, Depart the Abyss


You were on level 3 of the Dungeon.
You worshipped Lugonu.
Lugonu was aware of your devotion.
You visited 1 branch of the dungeon, and saw 3 of its levels.
You visited the Abyss 1 time.

You collected 95 gold pieces.

Inventory:

Hand Weapons
 a - a +1 hand axe (weapon)
Armour
 e - a +2 chain mail of willpower
 f - a +2 leather armour of poison resistance (worn)
 k - a +0 pair of boots (worn)
Scrolls
 c - a scroll of enchant weapon {unknown}
 d - a scroll of immolation {unknown}
 i - 2 scrolls of enchant armour
 j - a scroll of fear
Potions
 g - a potion of lignification
 h - a potion of heal wounds


   Skills:
 * Level 4.7 Fighting
 + Level 2.5 Axes
 * Level 3.0 Armour
 + Level 0.9 Dodging
 * Level 3.1 Invocations


You had 4 spell levels left.
You didn't know any spells.
Your spell library was empty.

Dungeon Overview and Level Annotations

Branches:
Dungeon (3/15)

Altars:


Innate Abilities, Weirdness & Mutations

You cannot be hasted, slowed, berserked, paralysed or teleported.
You can dig through walls and to a lower floor.
You have a pair of large antennae on your head. (SInv)
Your four strong arms can wield two-handed weapons with a shield.


Message History

Lugonu accepts your kill.
Your Armour skill increases to level 3!
No target in view!
No target in view!
A hobgoblin comes into view. It is wielding a +0 club.
A hobgoblin is nearby!
A hobgoblin is nearby!
A hobgoblin is nearby!
You see here a frilled lizard corpse.
You barely miss the hobgoblin. The hobgoblin hits you with a +0 club.
You barely miss the hobgoblin. The hobgoblin barely misses you.
You hit the hobgoblin.
The hobgoblin is almost dead.
The hobgoblin closely misses you.
You hit the hobgoblin.
You kill the hobgoblin!
Lugonu accepts your kill.
No target in view!
You now have 95 gold pieces (gained 18).
Things that are here:
a +0 club; a hobgoblin corpse An ogre comes into view.
It is wielding a +0 giant club.
The ogre shouts!
A ball python comes into view.
The ball python moves out of view.
An ogre is nearby!
An ogre is nearby!
An ogre is nearby!
An ogre is nearby!
The ogre completely misses you.
Your leather armour prevents you from hitting the ogre.
The ogre hits you with a +0 giant club!!
You barely miss the ogre. The ogre hits you but does no damage.
You hit the ogre.
The ogre is lightly wounded.
The ogre hits you with a +0 giant club!
You are too injured to fight recklessly!
The ogre hits you with a +0 giant club!!
Ouch! That really hurt!
You die...

##### ........# ....#
........## # ....#
........###. ....#
#......... ....#
#####.......##
....######............#.##
..........................
................@O.....#
..........#####..###.#.#
..........# #..# #
..........# #..# #
..........#####..###.#.
.......................
###.).....####)........
###.......# #...[.....
..........# #.........


You could see an ogre.

Vanquished Creatures
  Jessica (D:3)
  2 adders
  3 worms
  5 dart slugs
  A leopard gecko (D:2)
  5 bats
  6 hobgoblins
  4 jackals (D:1)
  2 kobolds
  7 frilled lizards
  6 goblins
  6 rats
48 creatures vanquished.

Notes
Turn   | Place    | Note
-------+----------+-------------------------------------------
     0 | Abyss:1  | robertstho the Formicid Abyssal Knight began the quest for
                  | the Orb.
     0 | Abyss:1  | Reached XP level 1. HP: 18/18 MP: 2/2
   144 | Abyss:1  | Found a corrupted altar of Lugonu.
   229 | Abyss:1  | Noticed a great orb of eyes
   250 | Abyss:1  | Noticed a lich
   254 | Abyss:1  | Noticed a rakshasa
   255 | Abyss:1  | Noticed a lich
   255 | Abyss:1  | Noticed a lich
   256 | D:1      | Escaped the Abyss
   528 | D:1      | Reached * piety under Lugonu
   529 | D:1      | Reached XP level 2. HP: 25/25 MP: 3/3
   564 | D:1      | Reached skill level 4 in Fighting
  1038 | D:1      | Reached XP level 3. HP: 30/30 MP: 4/4
  2097 | D:2      | Reached XP level 4. HP: 28/37 MP: 6/6
  2577 | D:3      | Noticed Jessica
  2581 | D:3      | Killed Jessica
  2893 | D:3      | Reached XP level 5. HP: 42/43 MP: 7/7
  2983 | D:3      | Noticed an ogre
  2991 | D:3      | Mangled by an ogre

Illustrated notes

Levels and vault maps discovered:
D:1:      arrival_zaba_pyramid, layout_basic, chequers_serial_rivers_large_b
D:2:      layout_loops_ring
D:3:      layout_basic, uniq_jessica, uniq_sigmund

Skill      XL: |  1  2  3  4  5 |
---------------+----------------+-----
Fighting       | 4 |  4.7
Invocations    | 3 |  3.1
Armour         | 3 |  3.0
Axes           | |  2.5
Dodging        | |  0.9

Action                   |  1- 3 |  4- 6 || total
-------------------------+-------+-------++-------
Melee: Hand axe          |   122 |    53 ||   175
Invok: Depart the Abyss  |     1 |       ||     1
  Use: Scroll            |     4 |     3 ||     7
Armor: Chain mail        |    96 |       ||    96
       Leather armour    |    12 |    10 ||    22
Dodge: Dodged            |    57 |    29 ||    86

Table legend: (Time is in decaauts)
 A = Elapsed time spent in this place.
 B = Non-inter-level travel time spent in this place.
 C = Inter-level travel time spent in this place.
 D = Time resting spent in this place.
 E = Time spent auto-exploring this place.
 F = Levels seen in this place.
 G = Mean time per level.
                   A        B        C        D        E       F      G
               +--------+--------+--------+--------+--------+-----+--------+
         Total |   3071 |   3030 |     41 |    185 |   2284 |   4 |  767.8 |
       Dungeon |   2815 |   2774 |     41 |    185 |   2089 |   3 |  938.3 |
         Abyss |    256 |    256 |      0 |      0 |    195 |   1 |  256.0 |
               +--------+--------+--------+--------+--------+-----+--------+

Top non-repeatable levels by time:
     D:1: 1422 daAuts
     D:2: 932 daAuts
     D:3: 459 daAuts
 Abyss:1: 256 daAuts
